 Dungeon Crawl Stone Soup: Circus Animals version 1.7-37-g2c94cca (webtiles) character file.

41 Halgar the Skirmisher (level 5, -2/59 (72) HPs) *STANDARD*
             Began as a Sludge Elf Chaos Knight on Feb 10, 2018.
             Slain by an iguana (7 damage)
             ... on level 4 of the Dungeon.
             The game lasted 00:24:44 (3719 turns).

Halgar the Skirmisher (Sludge Elf Chaos Knight)     Turns: 3719, Time: 00:24:44

HP:   -2/59 (72)    AC:  4    Str:  8    XL:     5   Next: 10%
MP:   50/50         EV:  8    Int: 12    God:    Xom [....*.]
Gold: 209           SH:  0    Dex: 12    Spells: 0 memorised, 4 levels left

rFire  x . .     rPois    .     a - +0 quarterstaff (chaos)
rCold  + . .     rElec    .     b - +2 leather armour
rNeg   . . .     rCorr    .     (shield currently unavailable) MagicSh . . . SeeInvis .
                                (no helmet) StaminaSh . . . Faith .
                                (no cloak) RegenHP ++........
SustAt .                        (no gloves) RegenSP +++....... Dismiss .
                                (no boots) RegenMP ++........ Reflect .
                                (no amulet)
MR     .....     Harm     .     (no ring)
Stlth  +.........               f - ring "Zesonaam" {Ice +Fly}

@: lethally poisoned (-2 -> -4), tired, slow, not resistant to hostile
enchantments, very unstealthy
A: repulsion field 1, clever 1, sense surroundings 1, weak 1, subdued magic 3,
weak dna 1
a: Renounce Religion, Evoke Flight


You were on level 4 of the Dungeon.
You worshipped Xom.
You were a beloved toy of Xom.
You were not hungry.

You visited 1 branch of the dungeon, and saw 4 of its levels.

You collected 209 gold pieces.

Inventory:

Hand Weapons
 a - a +0 quarterstaff of chaos (weapon)
 h - a cursed -1 dagger
 j - a +0 quarterstaff
Missiles
 c - 367 stones
 e - 15 poisoned javelins (quivered)
 g - 21 poisoned tomahawks
 i - 60 arrows of frost
Armour
 b - a +2 leather armour (worn)
 d - a +0 chain mail
Jewellery
 f - the ring "Zesonaam" (left hand) {Ice +Fly}
   (Xom gifted it to you on level 1 of the Dungeon)

   [ring of ice]

   It enhances your ice magic, and weakens your fire magic.
   It makes you vulnerable to fire.
   It protects you from cold.
   It lets you fly.
Scrolls
 d - 8 scrolls of remove curse
 l - a scroll of teleportation
 n - a scroll of fog
Potions
 a - 3 potions of heal wounds
 b - 4 potions of stamina
 c - 5 potions of magic
 e - 3 potions of degeneration {unknown}
 f - 3 potions of invisibility
 g - 3 potions of ambrosia {unknown}
 h - 5 potions of curing {unknown}
 i - 3 potions of brilliance {unknown}
 j - a potion of cancellation {unknown}
 k - a potion of flight {unknown}


   Skills:
 + Level 5.5 Fighting
 - Level 4.0 Staves
 - Level 2.0 Armour
 - Level 2.0 Dodging


You had 4 spell levels left.
You didn't know any spells.

Dungeon Overview and Level Annotations

Branches:
Dungeon (4/7)

Altars:


Innate Abilities, Weirdness & Mutations

Your spells are much easier to cast, but much less powerful.
You are slightly more likely to lose good mutations.
You are surrounded by a mild repulsion field. (EV +2)
Your mind is acute. (Int +2)
You passively map a small area around you.
You are weak. (Str -2)


Message History

Damage (13) was greater than 30% of your hp (27)!!!
You hit the iguana. (mon hp-3)
You burn the iguana. (mon hp-2)
The worker ant bites you but does no damage.
The iguana bites you but does no damage.
You completely miss the iguana. (hp-1)
You feel sick. The worker ant bites you. (hp-3)
The iguana bites you but does no damage.
You hit the iguana. (mon hp-3)
The worker ant bites you. (hp-3)
You are more poisoned.
The worker ant poisons you! The iguana completely misses you.
You closely miss the iguana. The worker ant bites you. (hp-3)
You hit the iguana. (mon hp-4)
The iguana is moving more slowly. (hp-1)
You feel sick. The worker ant completely misses you. The iguana misses you.
The helpless iguana fails to defend itself.
You hit the iguana but do no damage. (hp-1)
You feel sick. The worker ant closely misses you. The iguana bites you. (hp-6)
* * * LOW HITPOINT WARNING * * *; The worker ant bites you. (hp-5)
* * * LOW HITPOINT WARNING * * *
You are pushing your body beyond it's limits!
You closely miss the iguana. The iguana bites you! (hp-7)
You die...

*,*,* **,,* #.* #.........#,,,,
*,*,* *,*,* #.* ##..#####****,,
*,*,* ***,* #.###...# *,, *,*,*
#,*##..#.##.# **, *,*,*
*##.##.....##.# *, *,*,*
*..........##.##### **
*,*,*****.................# ***,
*,,,,,,,,.......la####....#***,,,
*,,*,*,*,#......@## *.....#,,,,,
*,,,,,,,,...###..# *#..##..,***
*,,*,*,*,*,,* #..# **,..#**.,*
*,,,,,,,,,,,* #..# **,,#.# **,**
*,,*,*,*,*,,* #..#**,,,*a# **,**
*,,,,,,,,,,,* #...,,,*,*.# **,*
*,,*,*,*,*,,**#.#.,,**,*,* **,
**,,,,,,,,,,,*#.*.,***,*,* **
****,,,,,,,,,,,,,,,***,,,** *


You could see an iguana (petrifying) and a worker ant.

Vanquished Creatures
  2 dart slugs (D:1)
  3 giant geckos
  An ooze (D:1)
  7 orcs (D:3)
  6 adders
  2 ball pythons
  8 giant cockroaches
  A giant cockroach (shapeshifter) (D:1)
  3 gnolls (D:3)
  22 goblins
  11 hobgoblins
  5 jackals (D:3)
  2 quokkas
  4 worms
  13 bats
  12 giant newts
  18 kobolds
  10 rats
  A fire vortex (D:1)
131 creatures vanquished.

Notes
Turn   | Place    | Note
-------+----------+-------------------------------------------
     0 | D:1      | Halgar the Sludge Elf Chaos Knight began the quest for the Orb.
     0 | D:1      | Reached XP level 1. HP: 32/32 MP: 50/50
   358 | D:1      | Reached XP level 2. HP: 41/42 MP: 50/50
   436 | D:1      | XOM: harmless Conj miscast
   578 | D:1      | Reached XP level 3. HP: 52/52 MP: 50/50
   585 | D:1      | XOM: divination: detect creatures
   597 | D:1      | XOM: mild Fire miscast
   659 | D:1      | XOM: divination: magic mapping
   692 | D:1      | XOM: polymorph bat -> gnoll
   701 | D:1      | Gained mutation: You passively map a small area around you. [potion of weak mutation]
   702 | D:1      | Gained mutation: You are weak. (Str -2) [potion of weak mutation]
   833 | D:1      | XOM: god gift: golden potion {god gift}
   994 | D:1      | XOM: fake destruction
  1092 | D:1      | Reached skill level 5 in Fighting
  1127 | D:1      | Reached XP level 4. HP: 57/57 MP: 50/50
  1165 | D:1      | XOM: give mutations
  1165 | D:1      | Gained mutation: You are surrounded by a mild repulsion field. (EV +2) [Xom's grace]
  1165 | D:1      | Gained mutation: Your mind is acute. (Int +2) [Xom's grace]
  1187 | D:1      | XOM: god gift: warped wooden ring {god gift}
  1188 | D:1      | Got a warped wooden ring {god gift}
  1189 | D:1      | Identified the ring "Zesonaam" {Ice +Fly} (Xom gifted it to you on level 1 of the Dungeon)
  2635 | D:3      | XOM: enchant monster (good)
  3105 | D:3      | Reached XP level 5. HP: 58/62 MP: 50/50
  3718 | D:4      | HP: 5/59 [worker ant (5)]
  3719 | D:4      | Slain by an iguana

Skill      XL: |  1  2  3 |
---------------+----------+-----
Fighting       | 5 |  5.5
Staves         | |  4.0
Armour         | |  2.0
Dodging        | |  2.0

Action                   |  1- 3 |  4- 6 || total
-------------------------+-------+-------++-------
Melee: Quarterstaff      |   163 |   292 ||   455
  Use: Scroll            |     3 |     9 ||    12
       Potion            |     3 |       ||     3
 Stab: Petrifying        |       |     3 ||     3
       Paralysed         |       |     2 ||     2
       Sleeping          |       |     2 ||     2
Armor: Leather armour    |    87 |   112 ||   199
Dodge: Dodged            |   105 |   181 ||   286
